 Dungeon Sprint DCSS version 0.29-a0-925-g0a7a3d12f8 (webtiles) character file.

Game seed: 442376480987239745

119 Hipnos the Trooper (level 4, -3/42 HPs)
             Began as a Draconian Chaos Knight on July 29, 2022.
             Was a Plaything of Xom.
             Slain by a neqoxec (6 damage)
             ... in the Dungeon (Sprint II: "The Violet Keep of Menkaure").
             The game lasted 00:00:28 (24 turns).

Hipnos the Trooper (Draconian Chaos Knight)           Turns: 24, Time: 00:00:29

Health: -3/42      AC:  5    Str: 14      XL:     4   Next: 73%
Magic:  4/4        EV: 13    Int:  9 (10) God:    Xom [..*...]
Gold:   0          SH:  0    Dex: 13      Spells: 3/3 levels left

rFire   . . .      SeeInvis .   a - +0 falchion (chaos)
rCold   . . .      Faith    .   (no shield)
rNeg    . . .      Spirit   .   (body armour unavailable)
rPois   .          Reflect  .   (helmet restricted)
rElec   .          Harm     .   (no cloak)
rCorr   .          Rampage  .   (no gloves)
Will    .....      NoTele   +   (no boots)
Stlth   +.........              (no amulet)
HPRegen 0.14/turn               (no ring)
MPRegen 0.09/turn               (no ring)

@: brilliant, on berserk cooldown, slowed, very slow
A: AC +5, unfitting armour, cold-blooded, dopey 1, frail 1
a: Renounce Religion


You were in the Dungeon.
You worshipped Xom.
You were a toy of Xom.
You visited 1 branch

Inventory:

Hand Weapons
 a - a +0 falchion of chaos (weapon)
Scrolls
 h - a scroll of blinking
Potions
 c - a potion of curing
 d - a potion of heal wounds
 e - a potion of haste
 f - 2 potions of magic
Miscellaneous
 b - a piece from Xom's chessboard (15/15) (quivered)


   Skills:
 + Level 7.2 Fighting
 + Level 6.9 Long Blades
 + Level 4.1 Dodging


You had 3 spell levels left.
You didn't know any spells.
Your spell library was empty.

Dungeon Overview and Level Annotations

Branches:
Dungeon (1/1)

Altars:


Innate Abilities, Weirdness & Mutations

Your plain brown scales are hard. (AC +5)
You cannot fit into any form of body armour.
You are cold-blooded and may be slowed by cold attacks.
You are dopey. (Int -2)
You are frail. (-10% HP)


Message History

The neqoxec gestures at you.
You feel dopey. Something feeds on your intellect!
You hit the neqoxec. You burn the neqoxec. You tail-slap the neqoxec.
The neqoxec is moderately wounded.
The neqoxec hits you.
You hit the neqoxec.
The neqoxec is moderately wounded.
Xom's attention almost turns to you for a moment.
You do an impromptu tapdance.
The neqoxec closely misses you. The neqoxec misses you.
The neqoxec gestures at you.
Something tries to feed on your intellect!
You hit the neqoxec.
The neqoxec is moderately wounded.
The neqoxec misses you. The neqoxec gestures at you.
Something tries to feed on your intellect!
You hit the neqoxec. You freeze the neqoxec.
The neqoxec is heavily wounded.
The neqoxec barely misses you. The neqoxec gestures at you.
Something tries to feed on your intellect!
The neqoxec closely misses you.
You barely miss the neqoxec.
The neqoxec is heavily wounded.
The neqoxec hits you.
* * * LOW HITPOINT WARNING * * *
You hit the neqoxec.
The neqoxec's magic leaks into the air.
The neqoxec is heavily wounded.
The neqoxec's magic is no longer disrupted.
The neqoxec hits you.
* * * LOW HITPOINT WARNING * * *
The neqoxec hits you.
* * * LOW HITPOINT WARNING * * *
You completely miss the neqoxec.
The neqoxec is heavily wounded.
The neqoxec hits you.
You die...
Xom howls with laughter!

## #+# #3
###.##
+3##'.<.+
#3#.##.##
#@###+#
###


You could see 3 neqoxecs.

Vanquished Creatures
  A neqoxec (D)
1 creature vanquished.

Notes
Turn   | Place    | Note
-------+----------+-------------------------------------------
     0 | D        | Hipnos the Draconian Chaos Knight began the quest for the
                  | Orb.
     0 | D        | Reached XP level 1. HP: 19/19 MP: 1/1
     1 | D        | Noticed a neqoxec
     4 | D        | Killed a neqoxec
     5 | D        | Reached skill level 7 in Fighting
     5 | D        | Reached XP level 2. HP: 34/34 MP: 2/2
     5 | D        | Reached XP level 3. HP: 39/39 MP: 3/3
     5 | D        | Reached XP level 4. HP: 47/47 MP: 4/4
     7 | D        | Noticed a neqoxec
     7 | D        | XOM: potion effect (brilliance)
     8 | D        | Noticed a neqoxec
     9 | D        | Gained mutation: You are frail. (-10% HP) [a neqoxec]
    11 | D        | Gained mutation: You are dopey. (Int -2) [a neqoxec]
    15 | D        | Noticed a neqoxec
    16 | D        | XOM: potion effect (brilliance)
    19 | D        | XOM: silly message
    24 | D        | Slain by a neqoxec

Illustrated notes

Levels and vault maps discovered:
D:        the_violet_keep_of_menkaure [sprint2_stairs_cluster_1,
          sprint2_shoproom, sprint2_temple, sprint2_basic_supplies,
          sprint2_obstacle_6, sprint2_obstacle_4, sprint2_obstacle_2,
          sprint2_obstacle_5, sprint2_obstacle_1, sprint2_timed_cluster_1,
          sprint2_smallroom_cluster_1, sprint2_smallroom_final_cluster_1,
          sprint2_transparent_cluster_1, sprint2_second_timed_cluster_1,
          sprint2_sniper_area_1, sprint2_heavy_combat_area_1,
          sprint2_mutation_trap_area_1, sprint2_forest_area_1,
          sprint2_light_combat_area_1, sprint2_behind_water_1,
          sprint2_near_end_vault_1]

Skill      XL: |  1 |
---------------+----+-----
Fighting       | 7 |  7.2
Long Blades    | 6 |  6.9
Dodging        | 4 |  4.1

Action                   |  1- 3 |  4- 6 || total
-------------------------+-------+-------++-------
Melee: Falchion          |     2 |    17 ||    19
       Tailslap          |       |     2 ||     2
  Use: Potion            |     1 |       ||     1
Armor: Skin              |       |     1 ||     1
Dodge: Dodged            |       |     7 ||     7

Table legend: (Time is in decaauts)
 A = Elapsed time spent in this place.
 B = Non-inter-level travel time spent in this place.
 C = Inter-level travel time spent in this place.
 D = Time resting spent in this place.
 E = Time spent auto-exploring this place.
 F = Levels seen in this place.
 G = Mean time per level.
                   A        B        C        D        E       F      G
               +--------+--------+--------+--------+--------+-----+--------+
         Total |     27 |     27 |      0 |      0 |      0 |   1 |   27.0 |
       Dungeon |     27 |     27 |      0 |      0 |      0 |   1 |   27.0 |
               +--------+--------+--------+--------+--------+-----+--------+

Top non-repeatable levels by time:
       D: 27 daAuts
